[Event "Titled Tuesday Blitz May 10 Early 2022"]
[White "Andreikin, Dmitry"]
[Black "Clarke, Brandon G I"]
[WhiteFideId "4158814"]
[BlackFideId "400319"]
[WhiteElo "2736"]
[BlackElo "2414"]
[Result "1-0"]
[Round "07"]
[TimeControl "180+1"]
[Date "2022.05.10"]
[WhiteClock "0:00:17"]
[BlackClock "0:00:05"]

1. d4 Nf6 2. c4 g6 3. Nc3 d5 4. cxd5 Nxd5 5. e4 Nxc3 6. bxc3 Bg7 7. Nf3 c5 8. Bb5+ Nc6 9. O-O O-O 10. Bxc6 bxc6 11. Qc2 cxd4 12. cxd4 Bg4 13. Ne5 Qxd4 14. Bb2 Qb6 15. Rab1 Bxe5 16. Bxe5 Qa5 17. Bc3 Qc5 18. Rfc1 Rfd8 19. Qb2 Qd6 20. h3 Rab8 21. Qa1 Rxb1 22. Rxb1 Be6 23. a3 Qd3 24. Re1 f6 25. Bb4 Kf7 26. Qc1 g5 27. e5 Qc4 28. Qe3 a5 29. Bxa5 Rd3 30. Qa7 Rd7 31. Qa8 Qa4 32. exf6 exf6 33. Qa6 Rd1 34. Qb7+ Kg6 35. Qe7 Rxe1+ 36. Bxe1 Qe4 37. Bc3 Qb1+ 38. Kh2 Qf5 39. Kg1 Qb1+ 40. Kh2 Qf5 41. Qd6 Qf4+ 42. Qxf4 gxf4 43. a4 Bc4 44. f3 Kf5 45. Kg1 h5 46. h4 Ke6 47. Kf2 Kf5 48. a5 Ba6 49. Ke1 c5 50. Bb2 Ke6 51. Bc1 Ke5 52. Ba3 Kd5 53. Bb2 f5 54. Bc1 Ke5 55. Bd2 Bb5 56. Kf2 Ba6 57. Ke1 Bb5 58. Bc3+ Kd5 59. Bf6 Ke6 60. Bg7 Kd5 61. Bf8 Ba6 62. Be7 Bb5 63. Bg5 Ke5 64. Bd8 Kd5 65. Bc7 Kc4 66. Bxf4 Kb4 67. Bd2+ Kc4 68. Kf2 Kd3 69. Be1 c4 70. g4 fxg4 71. fxg4 hxg4 72. h5 c3 73. Bxc3 Kxc3 74. h6 Kb4 75. h7 1-0


[Site "https://www.chess.com"]

[Event "Titled Tuesday Blitz May 10 Early 2022"]
[White "Babazada, Khazar"]
[Black "Santos Ruiz, Miguel"]
[WhiteFideId "13413554"]
[BlackFideId "22291482"]
[WhiteElo "2406"]
[BlackElo "2486"]
[Result "0-1"]
[Round "07"]
[TimeControl "180+1"]
[Date "2022.05.10"]
[WhiteClock "0:00:06"]
[BlackClock "0:00:09"]

1. Nf3 d5 2. g3 c5 3. Bg2 Nc6 4. d4 e6 5. O-O Nf6 6. c4 dxc4 7. Qa4 Bd7 8. Qxc4 b5 9. Qd3 Rc8 10. dxc5 Bxc5 11. a3 O-O 12. b4 Bb6 13. Bb2 Qe7 14. e4 Rfd8 15. e5 Nd5 16. Nbd2 a5 17. Ne4 axb4 18. Nfg5 g6 19. Nf6+ Nxf6 20. exf6 Qf8 21. axb4 Nxb4 22. Qe4 Bc6 23. Qh4 h6 24. Nxe6 fxe6 25. Qg4 Kf7 26. Rfe1 Bxf2+ 27. Kxf2 Qc5+ 28. Kf1 Bxg2+ 29. Kxg2 Rd2+ 30. Kh3 Rc6 31. Ba3 Qf2 32. Rh1 Qg2+ 33. Kh4 Qxh2+ 34. Rxh2 Rxh2+ 35. Qh3 g5+ 36. Kg4 Rc4+ 0-1


[Site "https://www.chess.com"]

[Event "Titled Tuesday Blitz May 10 Early 2022"]
[White "Bachmann, Axel"]
[Black "Ivanisevic, Ivan"]
[WhiteFideId "3700488"]
[BlackFideId "912417"]
[WhiteElo "2587"]
[BlackElo "2495"]
[Result "1-0"]
[Round "07"]
[TimeControl "180+1"]
[Date "2022.05.11"]
[WhiteClock "0:00:06"]
[BlackClock "0:00:12"]

1. e4 c5 2. Nf3 e6 3. d4 cxd4 4. Nxd4 Nc6 5. Nc3 Qc7 6. f4 a6 7. Be3 b5 8. Nxc6 Qxc6 9. Bd3 Ba3 10. bxa3 Qxc3+ 11. Kf2 Bb7 12. Re1 Nf6 13. Kg1 Nxe4 14. a4 Qc6 15. axb5 axb5 16. Qg4 Nf6 17. Qg3 O-O 18. Bd4 Nh5 19. Qh3 f5 20. Be4 Nxf4 21. Qg3 Nh5 22. Bxc6 Nxg3 23. Bxb7 Rab8 24. Bf3 Ne4 25. Bxe4 fxe4 26. Rxe4 Ra8 27. a3 Ra4 28. c3 Rf5 29. g4 Rd5 30. Kg2 h6 31. Kf3 Kf7 32. Ke3 d6 33. Rf1+ Ke7 34. Bxg7 Rxa3 35. Rd4 Rxc3+ 36. Kf2 Rxd4 37. Bxd4 Rc4 38. Be3 Rxg4 39. Bxh6 e5 40. h4 Ke6 41. Bg5 e4 42. Ke3 d5 43. Kd4 b4 44. Rf6+ Kd7 45. Kxd5 e3 46. Rf7+ Ke8 47. Re7+ Kf8 48. Rxe3 Kf7 49. Re4 Rxe4 50. Kxe4 Kg6 51. Kd3 Kh5 52. Kc4 Kg6 53. Kxb4 1-0


[Site "https://www.chess.com"]

[Event "Titled Tuesday Blitz May 10 Early 2022"]
[White "Bacrot, Etienne"]
[Black "Bok, Benjamin"]
[WhiteFideId "605506"]
[BlackFideId "1017063"]
[WhiteElo "2673"]
[BlackElo "2658"]
[Result "1/2-1/2"]
[Round "07"]
[TimeControl "180+1"]
[Date "2022.05.10"]
[WhiteClock "0:00:30"]
[BlackClock "0:00:13"]

1. e4 c5 2. Nf3 d6 3. Bb5+ Nd7 4. O-O a6 5. Bd3 Ngf6 6. Re1 e6 7. Bf1 b6 8. d4 cxd4 9. Qxd4 Bb7 10. c4 Be7 11. Nc3 O-O 12. Bg5 Qc7 13. Rad1 Rfd8 14. Bh4 Ne5 15. Nd2 Ng6 16. Bg3 Nh5 17. Qe3 Nxg3 18. hxg3 Ne5 19. Rc1 Rac8 20. Be2 h6 21. Nf3 Bf6 22. b3 Qc5 23. Qd2 Ng4 24. Bf1 Qh5 25. Rc2 Qa5 26. Bd3 b5 27. Nd5 Qxd2 28. Nxf6+ Nxf6 29. Nxd2 bxc4 30. Rxc4 d5 31. Rxc8 Rxc8 32. exd5 Nxd5 33. Nc4 Nb4 34. Bb1 Bd5 35. Nb6 Rc6 36. Nxd5 Nxd5 37. Be4 Kf8 38. Bxd5 exd5 39. Rd1 Rc2 40. a4 Rb2 41. Rxd5 Rxb3 42. Rd6 a5 43. Rd5 Ra3 44. Rxa5 g6 45. g4 Kg7 46. g3 Rb3 47. Kg2 Rb4 48. Kf3 Rb3+ 49. Kg2 Rb4 50. Kh3 Rb2 51. Kg2 Rb4 1/2-1/2


[Site "https://www.chess.com"]

[Event "Titled Tuesday Blitz May 10 Early 2022"]
[White "Barp, Alberto"]
[Black "Stribuk, Artiom"]
[WhiteFideId "872555"]
[BlackFideId "13515659"]
[WhiteElo "2229"]
[BlackElo "2259"]
[Result "1-0"]
[Round "07"]
[TimeControl "180+1"]
[Date "2022.05.10"]
[WhiteClock "0:00:02"]
[BlackClock "0:00:01"]

1. Nf3 Nf6 2. d4 g6 3. Bf4 Bg7 4. Nbd2 O-O 5. h3 c5 6. e3 b6 7. Bd3 Bb7 8. O-O d6 9. c3 Nbd7 10. a4 a6 11. Qe2 Re8 12. Bh2 Qc8 13. Rfd1 Bc6 14. e4 e5 15. Nc4 Qc7 16. d5 Bb7 17. Ne3 Nh5 18. Qc2 Nf4 19. Bf1 Rf8 20. Rac1 h6 21. b4 Rfc8 22. b5 a5 23. Nd2 Rf8 24. Ndc4 Rae8 25. Qd2 Bc8 26. h4 Nf6 27. Qc2 h5 28. f3 Bh6 29. Bg3 Nh7 30. Bf2 Qd8 31. Kh2 f5 32. g3 fxe4 33. fxe4 g5 34. gxf4 exf4 35. e5 fxe3 36. Bxe3 Bf5 37. Bd3 Bxd3 38. Qxd3 Kh8 39. Nxd6 Rxe5 40. Nc4 Rxe3 41. Qxe3 Qc8 42. Qe5+ Bg7 43. Qe6 Qb8+ 44. d6 gxh4 45. Kh1 Ng5 46. Qd5 Qd8 47. Rf1 Re8 48. Rce1 Rxe1 49. Rxe1 Qf6 50. d7 Qf2 51. d8=Q+ Kh7 52. Qd3+ Kh6 53. Q8d6+ Bf6 54. Rf1 Nh3 55. Qxf6+ 1-0


[Site "https://www.chess.com"]

[Event "Titled Tuesday Blitz May 10 Early 2022"]
[White "Bas Mas, Jose Joaquin"]
[Black "Ovezdurdyyeva, Jemal"]
[WhiteFideId "22219064"]
[BlackFideId "14001888"]
[WhiteElo "2233"]
[BlackElo "1946"]
[Result "1-0"]
[Round "07"]
[TimeControl "180+1"]
[Date "2022.05.11"]
[WhiteClock "0:00:46"]
[BlackClock "0:00:56"]

1. e4 d6 2. d4 Nf6 3. Nc3 g6 4. Bc4 c6 5. Qe2 b5 6. Bb3 b4 7. e5 Ba6 8. Qf3 bxc3 9. exf6 cxb2 10. Bxb2 exf6 11. O-O-O Bh6+ 12. Kb1 O-O 13. h4 d5 14. h5 Bg7 15. Nh3 Nd7 16. Nf4 g5 17. h6 Bh8 18. Nh5 Re8 19. Rde1 Nf8 20. Rxe8 Qxe8 21. Nxf6+ Bxf6 22. Qxf6 Ne6 23. Re1 Qf8 24. Ba3 c5 25. Rxe6 fxe6 26. Qxe6+ Qf7 27. Qxf7+ Kxf7 28. Bxd5+ Kg6 29. Bxa8 cxd4 30. Bf8 1-0


[Site "https://www.chess.com"]

[Event "Titled Tuesday Blitz May 10 Early 2022"]
[White "Batsiashvili, Nino"]
[Black "Bilych, Olexiy"]
[WhiteFideId "13602993"]
[BlackFideId "14156504"]
[WhiteElo "2193"]
[BlackElo "2176"]
[Result "0-1"]
[Round "07"]
[TimeControl "180+1"]
[Date "2022.05.11"]
[WhiteClock "0:00:46"]
[BlackClock "0:00:59"]

1. d4 Nf6 2. c4 e6 3. Nc3 Bb4 4. Nf3 O-O 5. Bg5 c5 6. e3 cxd4 7. exd4 d5 8. a3 Be7 9. Rc1 Nc6 10. c5 Ne4 11. Bf4 b6 12. b4 bxc5 13. dxc5 Nxc3 14. Rxc3 Bf6 15. Rc2 e5 16. Bg3 e4 17. Nd2 Nd4 18. Rc1 Re8 19. Be2 e3 20. Bf3 exd2+ 21. Kxd2 Bf5 22. h4 Qd7 23. Re1 Qb5 24. Rc3 Rxe1 25. Qxe1 Re8 26. Qd1 Nxf3+ 27. Rxf3 Re4 28. Qb3 Qe2+ 29. Kc1 Rc4+ 0-1


[Site "https://www.chess.com"]

[Event "Titled Tuesday Blitz May 10 Early 2022"]
[White "Bettalli, Francesco"]
[Black "De Silva, L M S T"]
[WhiteFideId "2816453"]
[BlackFideId "9953698"]
[WhiteElo "2216"]
[BlackElo "1631"]
[Result "0-1"]
[Round "07"]
[TimeControl "180+1"]
[Date "2022.05.11"]
[WhiteClock "0:00:52"]
[BlackClock "0:00:56"]

1. d4 Nf6 2. Nc3 d5 3. Bf4 a6 4. e3 e6 5. a3 Bd6 6. Nf3 O-O 7. Bd3 c5 8. dxc5 Bxc5 9. O-O Nc6 10. Ne5 Bd6 11. Nxc6 bxc6 12. Qf3 e5 13. Bg5 e4 14. Bxe4 dxe4 15. Nxe4 Be5 16. Rad1 Qe7 17. Bxf6 Bxf6 18. Nxf6+ Qxf6 19. Qxf6 gxf6 20. Rd6 Be6 21. Rxc6 Rfc8 22. Rxc8+ Rxc8 23. c3 Rd8 24. b4 Rd2 25. Rc1 Bc4 26. a4 Ra2 27. a5 Rd2 28. g3 Kf8 29. Kg2 Ke7 30. Kf3 Ke6 31. e4 Ke5 32. Re1 Rc2 33. Re3 h5 34. Kg2 Bb5 35. Kf3 Bf1 36. h4 Ke6 37. g4 hxg4+ 38. Kg3 Be2 39. h5 Bf3 40. Rd3 Rc1 41. Rd8 f5 42. exf5+ Kxf5 43. h6 Rg1+ 44. Kh2 Rh1+ 45. Kg3 Rh3# 0-1


[Site "https://www.chess.com"]

[Event "Titled Tuesday Blitz May 10 Early 2022"]
[White "Bifulco, Michel"]
[Black "Wagner, Dinara"]
[WhiteFideId "828580"]
[BlackFideId "24157570"]
[WhiteElo "2165"]
[BlackElo "2216"]
[Result "0-1"]
[Round "07"]
[TimeControl "180+1"]
[Date "2022.05.11"]
[WhiteClock "0:00:06"]
[BlackClock "0:00:16"]

1. d4 Nf6 2. Nc3 d5 3. Bf4 a6 4. e3 e6 5. g4 c5 6. g5 Nfd7 7. Nf3 Nc6 8. h4 b5 9. Bh3 b4 10. Ne2 Nb6 11. Ne5 Nxe5 12. dxe5 Bb7 13. O-O Be7 14. Ng3 Qc7 15. Nh5 Rg8 16. Qg4 Nc4 17. b3 Nxe5 18. Qg3 Bd6 19. Rac1 Rd8 20. c4 dxc4 21. Bg2 Bxg2 22. Qxg2 c3 23. Rfd1 c4 24. Qg3 Nd3 25. Bxd6 Qxd6 26. Qxd6 Rxd6 27. Rc2 cxb3 28. axb3 Ke7 29. Ra1 Rc8 30. Ng3 Ne5 31. Ne4 Rb6 32. Kg2 Rd8 33. Rb1 f5 34. gxf6+ gxf6 35. Ra1 f5 36. Ng3 Rd2 37. Rxd2 cxd2 38. Rd1 Rd6 39. Nf1 a5 40. Rxd2 Rxd2 41. Nxd2 Kd7 42. f4 Nc6 43. Kf3 Kd6 44. e4 Kc5 45. exf5 exf5 46. Ke3 Nd4 47. Kd3 Ne6 48. Ke3 Kb5 49. Kd3 a4 50. bxa4+ Kxa4 51. Ke3 b3 52. Kd3 Kb4 53. Ke3 b2 54. Nb1 Kb3 55. h5 Kc2 56. Na3+ Kc1 57. Kd3 Nxf4+ 58. Ke3 Nxh5 59. Kf3 f4 60. Kg4 b1=Q 0-1


[Site "https://www.chess.com"]

[Event "Titled Tuesday Blitz May 10 Early 2022"]
[White "Bodnar, Nikolay"]
[Black "Reprintsev, Alexander"]
[WhiteFideId "14106469"]
[BlackFideId "14100541"]
[WhiteElo "2296"]
[BlackElo "2108"]
[Result "0-1"]
[Round "07"]
[TimeControl "180+1"]
[Date "2022.05.11"]
[WhiteClock "0:00:14"]
[BlackClock "0:00:23"]

1. e4 d5 2. exd5 Qxd5 3. Nc3 Qa5 4. g3 Nc6 5. Bg2 Nf6 6. Nge2 e5 7. O-O Bg4 8. h3 Be6 9. Rb1 O-O-O 10. a3 Qc5 11. b4 Qd6 12. d3 Qd7 13. Kh2 Be7 14. Be3 h5 15. Ne4 h4 16. g4 Nd5 17. Bc5 f5 18. Bxe7 Qxe7 19. Nc5 fxg4 20. Nxe6 Qxe6 21. hxg4 h3 22. Be4 Qxg4 23. Rg1 Qh4 24. Ng3 Rhf8 25. f3 Nd4 26. Qf1 Ne3 27. Qe1 Rxf3 28. c3 Ndc2 29. Qc1 Rf2+ 30. Kh1 Rdf8 31. Rb2 h2 32. Re1 Nxe1 0-1


[Site "https://www.chess.com"]

[Event "Titled Tuesday Blitz May 10 Early 2022"]
[White "Bommini, Mounika Akshaya"]
[Black "Bach, Ngoc Thuy Duong"]
[WhiteFideId "25019872"]
[BlackFideId "12408956"]
[WhiteElo "1671"]
[BlackElo "1862"]
[Result "0-1"]
[Round "07"]
[TimeControl "180+1"]
[Date "2022.05.11"]
[WhiteClock "0:01:20"]
[BlackClock "0:01:14"]

1. d4 d5 2. Bf4 Nf6 3. e3 c5 4. c3 Nc6 5. Nd2 cxd4 6. exd4 g6 7. h4 Bg7 8. Be2 h6 9. h5 g5 10. Bg3 Bf5 11. Ngf3 O-O 12. Ne5 Rc8 13. Qb3 Na5 14. Qd1 a6 15. f4 Nh7 16. fxg5 Nxg5 17. Ndf3 Ne4 18. Bf4 Qb6 19. g4 Qxb2 20. gxf5 Nxc3 21. Bc1 Qxa1 0-1


[Site "https://www.chess.com"]

[Event "Titled Tuesday Blitz May 10 Early 2022"]
[White "Buscar, Michael"]
[Black "Risteski, Emil"]
[WhiteFideId "2603616"]
[BlackFideId "15005267"]
[WhiteElo "2010"]
[BlackElo "2070"]
[Result "0-1"]
[Round "07"]
[TimeControl "180+1"]
[Date "2022.05.11"]
[WhiteClock "0:00:02"]
[BlackClock "0:00:18"]

1. Nf3 d6 2. g3 g6 3. Bg2 Bg7 4. O-O e5 5. c4 Nc6 6. d3 Nh6 7. Nc3 f5 8. Nd5 Nf7 9. Ne1 O-O 10. Nc2 Nd4 11. b4 c6 12. Nc3 g5 13. b5 Be6 14. Rb1 Qd7 15. bxc6 bxc6 16. Nb4 a5 17. Nc2 Nxc2 18. Qxc2 d5 19. Ba3 Rfb8 20. Na4 e4 21. Nb6 Rxb6 22. Rxb6 Ne5 23. cxd5 cxd5 24. Rfb1 Rc8 25. Rb8 Kf7 26. Qd2 Kg6 27. Rxc8 Qxc8 28. Qxa5 Ng4 29. dxe4 dxe4 30. Rb6 Bd4 31. e3 Bxb6 32. Qxb6 Kf7 33. Bb2 Qc2 34. Qb7+ Ke8 35. Qb8+ Bc8 36. h3 Qxf2+ 37. Kh1 Qe1+ 38. Bf1 Qxf1# 0-1


[Site "https://www.chess.com"]

[Event "Titled Tuesday Blitz May 10 Early 2022"]
[White "Cherniaiev, Tykhon"]
[Black "Mammadzada, Gunay"]
[WhiteFideId "14182360"]
[BlackFideId "13403729"]
[WhiteElo "2289"]
[BlackElo "2242"]
[Result "1-0"]
[Round "07"]
[TimeControl "180+1"]
[Date "2022.05.11"]
[WhiteClock "0:00:06"]
[BlackClock "0:00:04"]

1. Nf3 d5 2. c4 c6 3. d4 Nf6 4. e3 g6 5. Nc3 Bg7 6. Bd3 a6 7. O-O O-O 8. e4 dxc4 9. Bxc4 Bg4 10. e5 Nd5 11. h3 Be6 12. Qe2 Nd7 13. Ng5 Nxc3 14. bxc3 Bxc4 15. Qxc4 e6 16. Ne4 c5 17. Bg5 Qc7 18. a4 Rac8 19. Be7 Nxe5 20. Qxc5 Qb8 21. Bxf8 Rxc5 22. Bxg7 Kxg7 23. Nxc5 Nc4 24. a5 Qc7 25. Rfb1 Nxa5 26. Ra3 e5 27. Nd3 exd4 28. cxd4 Nc6 29. d5 Ne7 30. Rab3 b5 31. Nb4 a5 32. Nd3 b4 33. Ra1 Nxd5 34. Rbb1 Nc3 35. Re1 Qc4 36. Ne5 Qb5 37. f4 Ne2+ 38. Kh2 Nxf4 39. Rad1 Ne6 40. Rd7 Ng5 41. h4 Qc5 42. hxg5 Qf2 43. Rxf7+ Qxf7 44. Nxf7 Kxf7 45. Re5 a4 46. Re4 b3 47. Rxa4 1-0


[Site "https://www.chess.com"]

[Event "Titled Tuesday Blitz May 10 Early 2022"]
[White "Csonka, Balazs"]
[Black "Starozhilov, Leonid"]
[WhiteFideId "742910"]
[BlackFideId "14106752"]
[WhiteElo "2404"]
[BlackElo "2414"]
[Result "0-1"]
[Round "07"]
[TimeControl "180+1"]
[Date "2022.05.10"]
[WhiteClock "0:00:02"]
[BlackClock "0:00:07"]

1. e4 Nc6 2. Nc3 d6 3. d4 Nf6 4. Bb5 a6 5. Bxc6+ bxc6 6. Nge2 g6 7. f3 Bg7 8. Be3 Rb8 9. b3 Nd7 10. Qd2 c5 11. Bh6 Bxh6 12. Qxh6 cxd4 13. Qg7 Rf8 14. Nxd4 Bb7 15. Qxh7 c5 16. Nde2 Qa5 17. Qh6 Ne5 18. Qd2 Rh8 19. Nf4 Bc6 20. Nd3 c4 21. Nxe5 Qxe5 22. O-O-O Rxh2 23. f4 Qh5 24. g4 Rxd2 25. gxh5 Rxd1+ 26. Kxd1 cxb3 27. axb3 gxh5 28. Rxh5 Kd7 29. Rh7 f6 30. Kd2 Rg8 31. Rh2 Rg3 32. Rf2 a5 33. Nd5 f5 34. Nc3 fxe4 35. Re2 d5 36. Nd1 d4 37. c3 a4 38. bxa4 d3 39. Re3 Rg2+ 40. Ke1 Rg4 41. Nf2 Rxf4 42. Nxd3 exd3 43. Rxd3+ Kc7 44. a5 Ra4 45. Re3 Kd7 46. Rd3+ Ke8 47. Kd2 Rxa5 48. Rh3 Kd7 49. Kd3 Ra1 50. Rh7 Re1 51. Kd2 Re6 52. Kd3 Rf6 53. Kd4 Kd6 54. Rh5 Rf4+ 55. Ke3 Rf3+ 56. Kd4 Rg3 57. Rh6+ e6 58. c4 Rg4+ 59. Kc3 Bd7 60. Rh5 e5 61. Kd3 Be6 62. c5+ Kd5 63. c6 Rd4+ 64. Ke3 Rc4 65. c7 Rxc7 66. Rh6 Rc3+ 67. Kd2 Rc4 68. Rh5 Rd4+ 69. Ke3 Rf4 70. Rg5 Rf5 71. Rg6 Rf7 72. Rg8 Rd7 73. Re8 Rc7 74. Rb8 Rc3+ 75. Kd2 Rh3 76. Rb4 e4 77. Rb5+ Kd4 78. Rb4+ Bc4 79. Ke1 e3 0-1


[Site "https://www.chess.com"]

[Event "Titled Tuesday Blitz May 10 Early 2022"]
[White "D`Arruda, Ricardo D."]
[Black "Al-Tarboush, Ward"]
[WhiteFideId "100692"]
[BlackFideId "7601450"]
[WhiteElo "2454"]
[BlackElo "2294"]
[Result "1-0"]
[Round "07"]
[TimeControl "180+1"]
[Date "2022.05.11"]
[WhiteClock "0:00:08"]
[BlackClock "0:00:06"]

1. d4 b6 2. e4 Bb7 3. Nc3 e6 4. Nf3 Bb4 5. Bd3 Nf6 6. e5 Ne4 7. O-O Nxc3 8. bxc3 Bxc3 9. Rb1 Nc6 10. Be4 d5 11. Bd3 Bb4 12. Qe2 Qd7 13. Be3 O-O-O 14. Ba6 Ba5 15. c3 f6 16. Bd2 h6 17. h4 f5 18. h5 Rhg8 19. Nh4 Qe7 20. Ng6 Qa3 21. Bxb7+ Kxb7 22. Rfc1 Qxa2 23. Nf4 Rge8 24. g3 Qc4 25. Qf3 a6 26. Rb2 b5 27. Ra1 Bb6 28. Nd3 Na5 29. Nb4 Ra8 30. Rab1 Kc8 31. Nd3 Qc6 32. Nb4 Qd7 33. Nd3 Nc4 34. Ra2 a5 35. Nc5 Bxc5 36. dxc5 c6 37. Qf4 a4 38. Be3 Qe7 39. Bd4 Qg5 40. Qf3 Qg4 41. Qxg4 fxg4 42. Kg2 Rf8 43. Rh1 Rf5 44. Rh4 Kd7 45. Rxg4 Rf7 46. Rg6 Raf8 47. f4 Na5 48. Be3 Nc4 49. Bd4 Na5 50. Be3 Nb3 51. g4 Re8 52. Bd4 Ree7 53. Kg3 Rf8 54. Rf2 Na5 55. f5 exf5 56. gxf5 a3 57. e6+ Kc8 58. Rxg7 Rxg7+ 59. Bxg7 Rg8 60. f6 Nc4 61. Kh4 Ne5 62. f7 Nxf7 63. exf7 1-0


[Site "https://www.chess.com"]

[Event "Titled Tuesday Blitz May 10 Early 2022"]
[White "De Arruda, Leandro Formes"]
[Black "Dmitrenko, Viktor"]
[WhiteFideId "22722009"]
[BlackFideId "14110270"]
[WhiteElo "1852"]
[BlackElo "2218"]
[Result "0-1"]
[Round "07"]
[TimeControl "180+1"]
[Date "2022.05.11"]
[WhiteClock "0:00:03"]
[BlackClock "0:00:06"]

1. d4 e6 2. e3 c5 3. Nf3 d6 4. Bd3 b6 5. Nbd2 Bb7 6. O-O Nd7 7. b3 cxd4 8. exd4 g6 9. Bb2 Bg7 10. Rb1 Ngf6 11. Re1 O-O 12. c4 e5 13. dxe5 Nxe5 14. Bxe5 dxe5 15. Nxe5 Nh5 16. Ndf3 Re8 17. Bc2 Qc7 18. Qd7 Qxd7 19. Nxd7 Nf4 20. Nde5 Nxg2 21. Kxg2 Rxe5 22. Rxe5 Bxe5 23. Re1 Bf6 24. Be4 Bxe4 25. Rxe4 Rd8 26. h4 h5 27. Rf4 Kg7 28. Re4 Rd3 29. Re2 Kf8 30. Rc2 Ke7 31. c5 Rc3 32. Re2+ Kd7 33. cxb6 axb6 34. Re4 b5 35. Rb4 Rc2 36. Rxb5 Rxa2 37. Rb7+ Ke6 38. b4 Rb2 39. b5 Bd8 40. Nd4+ Kf6 41. Nc6 Rd2 42. Nxd8 Rxd8 43. Rb6+ Kf5 44. Rb7 f6 45. b6 Rd4 46. Re7 Rb4 47. b7 g5 48. hxg5 fxg5 49. Rh7 Kg4 50. Rf7 Rb2 51. Rh7 h4 52. Rg7 h3+ 53. Kg1 Rb1+ 54. Kh2 Rb2 55. Kg1 Rb1+ 56. Kh2 Rb3 57. Kg1 Kh4 58. Kh2 g4 59. Kg1 Rb2 60. Kh2 Rxf2+ 61. Kg1 Rb2 62. Rh7+ Kg3 63. Kf1 Rb1+ 64. Ke2 h2 65. Kd2 Rxb7 0-1


[Site "https://www.chess.com"]

[Event "Titled Tuesday Blitz May 10 Early 2022"]
[White "Demin, Vladimir"]
[Black "Arabidze, Meri"]
[WhiteFideId "4167457"]
[BlackFideId "13604040"]
[WhiteElo "2459"]
[BlackElo "2335"]
[Result "0-1"]
[Round "07"]
[TimeControl "180+1"]
[Date "2022.05.11"]
[WhiteClock "0:00:04"]
[BlackClock "0:00:22"]

1. d4 d5 2. Nc3 c6 3. Bf4 Nf6 4. e3 Bf5 5. f3 Bg6 6. g4 h5 7. g5 Ng8 8. e4 e6 9. Bg2 Bd6 10. Qd2 Ne7 11. O-O-O Na6 12. Nge2 b5 13. Bxd6 Qxd6 14. Qf4 Qxf4+ 15. Nxf4 h4 16. Rhe1 Nc7 17. Bh3 Rd8 18. Bg4 a6 19. a3 Na8 20. exd5 cxd5 21. Bxe6 fxe6 22. Rxe6 Bf5 23. Rxa6 O-O 24. Re1 Rd7 25. Nxb5 Nc7 26. Nxc7 Rxc7 27. g6 Rxc2+ 28. Kd1 Rc7 0-1


[Site "https://www.chess.com"]

[Event "Titled Tuesday Blitz May 10 Early 2022"]
[White "Devaev, Alexander"]
[Black "Arias, Juan Cruz"]
[WhiteFideId "4169395"]
[BlackFideId "118540"]
[WhiteElo "2185"]
[BlackElo "2091"]
[Result "0-1"]
[Round "07"]
[TimeControl "180+1"]
[Date "2022.05.11"]
[WhiteClock "0:00:09"]
[BlackClock "0:02:50"]

1. d4 Nf6 2. c4 c5 3. d5 e5 4. Nc3 d6 5. e4 Nbd7 6. h3 Be7 7. Nf3 O-O 8. Be3 Ne8 9. Be2 Rb8 10. a3 a6 11. b4 b6 12. Qd2 g6 13. g4 Ng7 14. Rg1 Kh8 15. Bh6 Nf6 16. Qc2 Ng8 17. Bd2 f5 18. gxf5 gxf5 19. Ng5 f4 20. h4 Bd7 21. Bg4 Nf6 22. Bxd7 Qxd7 23. Qd1 h6 24. Nf3 cxb4 25. axb4 Rfc8 26. Qe2 b5 27. cxb5 axb5 28. Ra5 Rc4 29. Rxb5 Rxb4 30. Qc4 Rxc4 0-1


[Site "https://www.chess.com"]

[Event "Titled Tuesday Blitz May 10 Early 2022"]
[White "Dubov, Daniil"]
[Black "Oganian, Miran"]
[WhiteFideId "24126055"]
[BlackFideId "4122488"]
[WhiteElo "2791"]
[BlackElo "2357"]
[Result "1-0"]
[Round "07"]
[TimeControl "180+1"]
[Date "2022.05.10"]
[WhiteClock "0:00:04"]
[BlackClock "0:00:05"]

1. d4 d5 2. Nf3 Nf6 3. c4 e6 4. g3 dxc4 5. Bg2 a6 6. O-O Nc6 7. Nc3 Rb8 8. e4 Be7 9. d5 exd5 10. exd5 Nb4 11. Ne5 Bf5 12. Nxc4 Bd3 13. b3 Bxf1 14. Kxf1 a5 15. a3 Na6 16. Be3 O-O 17. Nxa5 c6 18. b4 cxd5 19. Nxd5 Nxd5 20. Qxd5 Qxd5 21. Bxd5 Bf6 22. Rb1 b5 23. Bb7 Nc7 24. Bf4 Rxb7 25. Nxb7 Nd5 26. Bd6 Ra8 27. Na5 Nb6 28. Rc1 Na4 29. Rc7 Bb2 30. Rb7 Bxa3 31. Rxb5 h6 32. Nc6 Nc3 33. Rb7 Ne4 34. Be7 Kh7 35. b5 Bxe7 36. Rxe7 Ra1+ 37. Kg2 f5 38. Nd4 Nd6 39. Rd7 Ne4 40. Nxf5 Kg6 41. Nh4+ Kf6 42. Rd4 Nc5 43. Rb4 Nb7 44. Nf3 g5 45. Rc4 Nd6 46. Rc6 Ke7 47. Rc7+ Ke6 48. Rh7 Nf5 49. g4 Nd6 50. Rxh6+ Kd5 51. Nxg5 Rb1 52. Rh5 Kd4 53. Nf3+ Kc4 54. Re5 Nf7 55. Rf5 Nd6 56. Rf4+ Kd5 57. h4 Nc4 58. h5 Rb2 59. h6 Ne3+ 60. Kg3 Nf1+ 61. Kh4 Rxf2 62. h7 Nd2 63. h8=Q Nxf3+ 64. Rxf3 Rh2+ 65. Rh3 Rxh3+ 66. Kxh3 1-0


[Site "https://www.chess.com"]

[Event "Titled Tuesday Blitz May 10 Early 2022"]
[White "Estrada Nieto, Julian"]
[Black "Simonovic, Miroslav"]
[WhiteFideId "5101018"]
[BlackFideId "919152"]
[WhiteElo "2252"]
[BlackElo "2043"]
[Result "0-1"]
[Round "07"]
[TimeControl "180+1"]
[Date "2022.05.11"]
[WhiteClock "0:00:18"]
[BlackClock "0:00:06"]

1. e4 c5 2. Nf3 Nc6 3. Bb5 g6 4. Bxc6 dxc6 5. d3 Bg7 6. h3 e5 7. Be3 b6 8. a4 h6 9. Qd2 Ne7 10. O-O Be6 11. Na3 f5 12. Qc3 Qc7 13. Nc4 f4 14. Bxf4 Bxc4 15. dxc4 exf4 16. Qxg7 O-O-O 17. Rfd1 g5 18. Qe5 Qxe5 19. Nxe5 Rd4 20. Rxd4 cxd4 21. b4 Kc7 22. Rd1 c5 23. bxc5 bxc5 24. Rb1 a6 25. Kf1 Re8 26. Nd3 Kc6 27. a5 Nc8 28. Rb8 Nd6 29. Rxe8 Nxe8 30. Ke2 Nd6 31. Ne5+ Kc7 32. Kd3 Nb7 33. Nf7 Nxa5 34. Nxh6 Nc6 35. c3 Ne5+ 36. Kc2 d3+ 37. Kb3 a5 38. Nf5 a4+ 39. Kb2 a3+ 40. Kxa3 d2 41. Ne7 d1=Q 42. Nd5+ Kd6 43. Nf6 Nxc4+ 44. Ka2 Qc2+ 0-1


[Site "https://www.chess.com"]

[Event "Titled Tuesday Blitz May 10 Early 2022"]
[White "FGHSMN"]
[Black "Maevsky, Nikolay"]
[BlackFideId "4198220"]
[WhiteElo "2763"]
[BlackElo "2149"]
[Result "1-0"]
[Round "07"]
[TimeControl "180+1"]
[Date "2022.05.10"]
[WhiteClock "0:01:01"]
[BlackClock "0:00:24"]

1. c4 c6 2. d4 d5 3. cxd5 cxd5 4. Nf3 Nf6 5. Nc3 Nc6 6. Bf4 Bf5 7. e3 e6 8. Qb3 Bb4 9. Ne5 Qa5 10. a3 O-O 11. Nxc6 Bxc3+ 12. Qxc3 Qxc3+ 13. bxc3 bxc6 14. Ba6 c5 15. dxc5 Ne4 16. c6 f6 17. Bb7 Rae8 18. f3 e5 19. fxe4 Bxe4 20. Bg3 Bxg2 21. Rg1 Be4 22. c7 Bf5 23. Bxd5+ Kh8 24. e4 Bc8 25. Bf2 f5 26. Bxa7 fxe4 27. O-O-O Rf3 28. Rg3 Rf6 29. Bxe4 Kg8 30. Rd8 Rff8 31. Rgd3 Kf7 32. Rxe8 Rxe8 33. Rd8 Ke7 34. Bc5+ Kf7 35. Bd5+ Be6 36. Bxe6+ 1-0


[Site "https://www.chess.com"]

[Event "Titled Tuesday Blitz May 10 Early 2022"]
[White "Fajdetic, Hrvoje"]
[Black "Golubova, Anna"]
[WhiteFideId "14501945"]
[BlackFideId "24173606"]
[WhiteElo "2172"]
[BlackElo "2083"]
[Result "0-1"]
[Round "07"]
[TimeControl "180+1"]
[Date "2022.05.11"]
[WhiteClock "0:00:38"]
[BlackClock "0:01:30"]

1. b3 d5 2. Bb2 Bf5 3. f4 e6 4. Nf3 h6 5. d3 Nf6 6. Nbd2 Be7 7. e3 O-O 8. Ne5 c5 9. Be2 Bh7 10. O-O Nc6 11. Nxc6 bxc6 12. Nf3 Nd7 13. a4 Bf6 14. Ne5 Nxe5 15. fxe5 Be7 16. a5 Rb8 17. Qd2 f6 18. Bg4 f5 19. Bf3 c4 20. dxc4 dxc4 21. Qxd8 Rfxd8 22. Ba3 Bxa3 23. Rxa3 cxb3 24. Rxb3 Rxb3 25. cxb3 Rd3 26. b4 Rxe3 27. Bxc6 Rxe5 28. b5 Rc5 29. b6 axb6 30. axb6 Rxc6 31. Rb1 Rc8 32. Kf2 Kf7 33. Ke3 Ke7 34. Kd4 Kd6 35. b7 Rb8 36. Rb6+ Kd7 37. Ke5 Bg8 0-1


[Site "https://www.chess.com"]